 Dungeon Crawl Stone Soup version 0.31-a0-222-gefeffbb62a (webtiles) character file.

Game seed: 2662185379978212654

387 qw the Chopper (level 6, 0/39 HPs)
             Began as a Gargoyle Fighter on July 5, 2023.
             Was an Initiate of Okawaru.
             Slain by a lemure (3 damage)
             ... led by Pikel
             ... on level 4 of the Dungeon.
             The game lasted 00:01:35 (3355 turns).

qw the Chopper (Gargoyle Fighter)                   Turns: 3355, Time: 00:01:36

Health: 0/39       AC: 15    Str: 21    XL:     6   Next: 78%
Magic:  6/6        EV:  7    Int:  9    God:    Okawaru [......]
Gold:   160        SH:  9    Dex:  9    Spells: 5/5 levels left

rFire   + . .        Y - +1 war axe
rCold   + . .        c - +0 buckler
rNeg    + . .        f - +0 chain mail
rPois   inf          h - +0 helmet
rElec   +            b - scarf {rC+ rF+}
rCorr   .            (no gloves)
SInv    .            g - +0 pair of boots
Will    +....        m - amulet of reflection Stlth
                     a - ring of willpower
HPRegen 0.26/turn    (no ring)
MPRegen 0.10/turn

%: reflection
@: no status effects
A: sickness immunity, AC +4, negative energy resistance 1, electricity
resistance, torment resistance 1, petrification resistance
a: Renounce Religion


You were on level 4 of the Dungeon.
You worshipped Okawaru.
Okawaru was noncommittal.
You visited 2 branches of the dungeon, and saw 5 of its levels.

You collected 160 gold pieces.


Innate Abilities, Weirdness & Mutations

You are immune to sickness and miasma.
Your stone body is resilient. (AC +4)
You are immune to poison.
You resist negative energy. (rN+)
You are resistant to electric shocks. (rElec)
You are resistant to unholy torment.
You are immune to petrification.


   Skills:
 - Level 4.7 Fighting
 + Level 5.7 Axes
 - Level 3.2 Armour
 - Level 3.2 Shields


You had 5 spell levels left.
You didn't know any spells.
Your spell library was empty.

Inventory:

Hand Weapons
 k - a +0 flail
 Y - a +1 war axe (weapon)
Armour
 b - a scarf of resistance (worn)
 c - a +0 buckler (worn)
 f - a +0 chain mail (worn)
 g - a +0 pair of boots (worn)
 h - a +0 helmet (worn)
Jewellery
 a - a ring of willpower (left hand)
 m - an amulet of reflection (around neck)
Scrolls
 e - a scroll of identify
Potions
 d - a potion of might
 i - a potion of curing {unknown}
 j - a potion of mutation
 l - a potion of enlightenment

Dungeon Overview and Level Annotations

Branches:
Dungeon (4/15)             Temple (1/1) D:4

Altars:
Ashenzari
Dithmenos
Elyvilon
Fedhas
Gozag
Kikubaaqudgha
Makhleb
Nemelex Xobeh
Okawaru
Qazlal
Ru
Sif Muna
Trog
Uskayaw
Vehumet
Wu Jian
Xom
Yredelemnul
Zin
The Shining One

Annotations:
D:4 Pikel


Message History

You closely miss the lemure.
The lemure is lightly wounded.
You hit Pikel.
Pikel is lightly wounded.
The lemure hits you but does no damage.
Pikel zaps a wand.
Your mind is blasted!
You barely miss Pikel.
Pikel is lightly wounded.
You hit the lemure. You closely miss the lemure.
Pikel zaps a wand.
Your mind is blasted!
Ouch! That really hurt!
The lemure barely misses you.
You closely miss the lemure.
The lemure is moderately wounded.
You barely miss the lemure. You closely miss the lemure. You barely miss Pikel.
Pikel hits you but does no damage. You block the lemure's attack.
The lemure hits you. The lemure hits you but does no damage.
You hit the lemure.
The lemure is moderately wounded.
You barely miss the lemure. You miss the lemure. You barely miss the lemure.
You hit Pikel.
Pikel says, "I touched Geryon's horn once."
Pikel hits you with a +2 whip of flaming!
Pikel burns you. You block the lemure's attack. The lemure barely misses you.
You block the lemure's attack. The lemure hits you but does no damage.
You barely miss the lemure.
The lemure is moderately wounded.
You miss Pikel. You barely miss the lemure. You slash the lemure!
You hit the lemure. The lemure barely misses you.
You block the lemure's attack. You block Pikel's attack.
The lemure hits you but does no damage. The lemure barely misses you.
Pikel hits you with a +2 whip of flaming.
The lemure hits you. The lemure hits you but does no damage.
The lemure barely misses you. x2
You closely miss the lemure.
The lemure is moderately wounded.
You closely miss Pikel.
You barely miss the lemure. x2; You slash the lemure!
Pikel hits you but does no damage. You block the lemure's attack. x2
The lemure hits you.
You die...

#....# ## ### ##....###
.# #).## #.......# ##
#...... #.......# #
#..... #.......# # .....
#.......# ######
#..#####.......#
.#...###..##......#####
.'.....+...'.%.5@5#
.#.....#...#...5K5#
.#.....#...#......#
.#.##.##.###....>.#
##.##.##.#####........5..
..#.........#...........
...#.........#...........
#..##+######+#...........
#..# .....######+


You could see Pikel and 4 lemures.

Vanquished Creatures
  A black bear (D:4)
  A phantom (D:4)
  A hound (D:4)
  2 orc wizards (D:4)
  7 adders
  A dart slug (D:2)
  4 orcs
  5 ball pythons
  6 bats
  8 endoplasms
  4 giant cockroaches
  11 goblins
  6 hobgoblins
  3 kobolds
  3 quokkas
  3 frilled lizards
  5 rats
71 creatures vanquished.

Notes
Turn   | Place    | Note
-------+----------+-------------------------------------------
     0 | D:1      | qw the Gargoyle Fighter began the quest for the Orb.
     0 | D:1      | Reached XP level 1. HP: 14/14 MP: 1/1
     0 | D:1      | 0 ||| qw: Version: 0.3-a-46-gb1f654a
     0 | D:1      | 0 ||| qw: Game counter: 1021
     0 | D:1      | 0 ||| qw: Melee chars always use a shield: true
     0 | D:1      | 0 ||| qw: God list: Okawaru
     0 | D:1      | 0 ||| qw: Allow faded altars: false
     0 | D:1      | 0 ||| qw: Do Orc after clearing Dungeon:15 true
     0 | D:1      | 0 ||| qw: Do second Lair branch before Depths: true
     0 | D:1      | 0 ||| qw: Lair rune preference: random
     0 | D:1      | 0 ||| qw: Goals: Normal, Zot:1-4, Slime:5, God:TSO, Crypt,
                  | Tomb, Abyss, Pan, Hells, Win
     0 | D:1      | 0 ||| PLANNING D:1-11
   174 | D:1      | Reached skill level 2 in Axes
   275 | D:1      | 275 ||| Stepping ~*~*~tactically~*~*~ (stealth).
   281 | D:1      | Reached XP level 2. HP: 19/19 MP: 2/2
   345 | D:1      | 345 ||| Stepping ~*~*~tactically~*~*~ (hiding).
   358 | D:1      | 358 ||| DROPPING +0 club.
   569 | D:1      | Reached skill level 3 in Axes
   733 | D:1      | Reached XP level 3. HP: 20/23 MP: 3/3
   900 | D:1      | 900 ||| UPGRADING to +0 chain mail.
   910 | D:1      | 910 ||| DROPPING +0 scale mail.
   911 | D:1      | 911 ||| UPGRADING to +0 pair of boots.
   916 | D:1      | 916 ||| READING scroll labelled FEDAKK KAHA.
  1017 | D:1      | 1017 ||| READING scroll labelled CISIS BUXUXAT.
  1018 | D:1      | 1018 ||| READING scroll labelled UPPIWA GAEMUEC.
  1349 | D:2      | 1349 ||| Stepping ~*~*~tactically~*~*~ (stealth).
  1350 | D:2      | 1350 ||| Stepping ~*~*~tactically~*~*~ (stealth).
  1353 | D:2      | 1353 ||| Stepping ~*~*~tactically~*~*~ (hiding).
  1362 | D:2      | Reached XP level 4. HP: 28/28 MP: 4/4
  1818 | D:2      | 1818 ||| UPGRADING to +0 helmet.
  1823 | D:2      | 1823 ||| UPGRADING to amulet of reflection.
  1828 | D:2      | 1828 ||| UPGRADING to ring of willpower.
  1829 | D:2      | 1829 ||| READING scroll labelled LUH MOSTRIUFA.
  1830 | D:2      | 1830 ||| READING 2 scrolls labelled FUDGHA WECZE.
  1831 | D:2      | 1831 ||| READING scroll labelled UROLIR BORA.
  1832 | D:2      | 1832 ||| READING scroll labelled LOMPAN HUFO.
  1837 | D:2      | 1837 ||| READING scroll labelled ATI XOTZAUHUA.
  1838 | D:2      | 1838 ||| READING scroll labelled ATZIPA INU ALA.
  1839 | D:2      | 1839 ||| READING 2 scrolls of identify.
  1839 | D:2      | 1839 ||| IDENTIFYING smoky white potion
  1840 | D:2      | 1840 ||| DROPPING scroll of revelation.
  1874 | D:3      | Reached skill level 4 in Axes
  1886 | D:3      | 1886 ||| Stepping ~*~*~tactically~*~*~ (hiding).
  1949 | D:3      | 1949 ||| Stepping ~*~*~tactically~*~*~ (stealth).
  1955 | D:3      | 1955 ||| Stepping ~*~*~tactically~*~*~ (stealth).
  2150 | D:3      | Identified the +2 robe of Grace {Slay+3}
  2398 | D:3      | 2398 ||| DROPPING +0 whip.
  2775 | D:3      | 2775 ||| UPGRADING to scarf of resistance.
  2780 | D:3      | 2780 ||| READING 2 scrolls of identify.
  2780 | D:3      | 2780 ||| IDENTIFYING bubbling yellow potion
  2872 | D:4      | Reached XP level 5. HP: 29/32 MP: 5/5
  2874 | D:4      | Reached skill level 5 in Axes
  2953 | D:4      | Noticed a phantom
  2966 | D:4      | Killed a phantom
  2967 | D:4      | Reached XP level 6. HP: 39/39 MP: 6/6
  2968 | D:4      | Noticed a black bear
  2981 | D:4      | Killed a black bear
  3041 | D:4      | Found a staircase to the Ecumenical Temple.
  3042 | D:4      | 3042 ||| PLANNING TEMPLE
  3050 | Temple   | Entered the Ecumenical Temple
  3210 | Temple   | 3210 ||| PLANNING OKAWARU WORSHIP
  3223 | Temple   | Became a worshipper of Warmaster Okawaru
  3224 | Temple   | 3224 ||| PLANNING D:1-11
  3321 | D:4      | Identified the +11 dagger "Oloj" {elec, Dex+4}
  3341 | D:4      | Noticed Pikel
  3342 | D:4      | 3342 ||| Stepping ~*~*~tactically~*~*~ (hiding).
  3343 | D:4      | 3343 ||| Stepping ~*~*~tactically~*~*~ (hiding).
  3344 | D:4      | 3344 ||| Stepping ~*~*~tactically~*~*~ (hiding).
  3345 | D:4      | 3345 ||| Stepping ~*~*~tactically~*~*~ (hiding).
  3353 | D:4      | HP: 9/39 [Pikel/+2 whip of flaming (7)]
  3354 | D:4      | HP: 2/39 [lemure[Pikel] (5)]
  3355 | D:4      | Slain by a lemure

Levels and vault maps discovered:
D:1:      dpeg_arrival_round_a, layout_basic, st_stairs_5
D:2:      layout_basic, amcnicky_mini_rare_corridor_liquid,
          chequers_serial_rivers_micro_b, dreamdust_princess_bridge
D:3:      layout_basic, chequers_serial_rivers_large_b,
          corexii_leaking_fountain, nicolae_elevator_lobby_asterisk
D:4:      layout_gridville, minmay_temple_entry_wispy, uniq_pikel
Temple:   nicolae_temple_slightly_damp_pantheon

Skill      XL: |  1  2  3  4  5 |
---------------+----------------+-----
Axes           | 2 3 4 5 |  5.7
Fighting       | 4 |  4.7
Armour         | |  3.2
Shields        | |  3.2

Action                     |  1- 3 |  4- 6 || total
---------------------------+-------+-------++-------
  Melee: War axe           |    95 |   113 ||   208
  Throw: Boomerang         |    28 |    11 ||    39
    Use: Scroll            |     3 |     8 ||    11
 Armour: Scale mail        |    34 |       ||    34
         Chain mail        |    27 |    61 ||    88
  Dodge: Dodged            |    35 |    35 ||    70
  Block: Buckler           |    19 |    44 ||    63

Table legend:
 A = Non-vault XP
 B = Vault XP
 C = Vault XP percentage of total XP
 D = Non-vault monster count
 E = Vault monster count
 F = Vault count percentage of total count
                 A         B        C        D         E       F
            +---------+---------+-------+---------+---------+-------
      Total |     548 |       6 |   1.1 |      68 |       3 |   4.2
            +---------+---------+-------+---------+---------+-------
        D:1 |      35 |       6 |  14.6 |      19 |       3 |  13.6
        D:2 |      57 |       0 |   0.0 |      19 |       0 |   0.0
        D:3 |      53 |       0 |   0.0 |      19 |       0 |   0.0
        D:4 |     403 |       0 |   0.0 |      11 |       0 |   0.0
            +---------+---------+-------+---------+---------+-------
